 Dungeon Crawl Stone Soup version 0.23-a0-619-g281719c6f9 (webtiles) character file.

4951 RKaid the Tainter (level 10, -15/66 (71) HPs)
             Began as an Octopode Venom Mage on Dec 17, 2018.
             Was a Priest of Elyvilon.
             Demolished by a death yak (27 damage)
             ... on level 9 of the Dungeon on Dec 22, 2018.
             The game lasted 00:45:15 (15705 turns).

RKaid the Tainter (Octopode Venom Mage)            Turns: 15705, Time: 00:45:15

HP:   -15/66 (71)   AC:  1    Str:  8      XL:     10   Next: 52%
MP:   21/21         EV: 13    Int: 22      God:    Elyvilon [***...]
Gold: 395           SH:  0    Dex:  7 (13) Spells: 8/23 levels left

rFire    . . .     SeeInvis .   z - +2 whip (flame)
rCold    . . .     Gourm    .   (no shield)
rNeg     . . .     Faith    .   (helmet restricted)
rPois    +         Spirit   .   (no amulet)
rElec    .         Reflect  .   m - ring of stealth {Stlth+}
rCorr    .         Harm     .   r - +2 ring of intelligence
MR       .....                  v - ring of wizardry {Wiz+}
Stlth    +++++.....             i - ring of stealth {Stlth+}
HPRegen  0.21/turn              u - ring of poison resistance {rPois}
MPRegen  0.17/turn              (no ring)
                                (no ring)
                                (no ring)

@: protection
A: almost no armour, stealthy swim, amphibious, 8 rings, constrict 8, camouflage
1, gelatinous body 1
a: Lesser Healing, Heal Other, Purification, Divine Protection, Renounce
Religion


You were on level 9 of the Dungeon.
You worshipped Elyvilon.
Elyvilon was most pleased with you.
You were not hungry.

You visited 2 branches of the dungeon, and saw 10 of its levels.

You collected 595 gold pieces.
You spent 200 gold pieces at shops.

Inventory:

Hand Weapons
 a - a +3 dagger of venom
   (You took it off a goblin on level 1 of the Dungeon)
 b - a +0 hunting sling
   (You took it off a goblin on level 2 of the Dungeon)
 l - a +2 short sword of speed
   (You found it on level 2 of the Dungeon)
 w - a cursed +4 trident
   (You took it off a wight on level 5 of the Dungeon)
 y - a +0 dagger of freezing
   (You found it on level 6 of the Dungeon)
 z - a +2 whip of flaming (weapon)
   (You took it off Pikel on level 5 of the Dungeon)
 D - a +1 scimitar of protection
   (You took it off an orc warrior on level 8 of the Dungeon)
Missiles
 q - 43 sling bullets
 s - 251 stones (quivered)
Jewellery
 i - a ring of stealth (on tentacle) {Stlth+}
   (You found it on level 5 of the Dungeon)
 m - a ring of stealth (left tentacle) {Stlth+}
   (You found it on level 2 of the Dungeon)
 r - a +2 ring of intelligence (right tentacle)
   (You found it on level 3 of the Dungeon)
 u - a ring of poison resistance (on tentacle) {rPois}
   (You bought it in a shop on level 6 of the Dungeon)
 v - a ring of wizardry (on tentacle) {Wiz+}
   (You found it on level 3 of the Dungeon)
Scrolls
 k - 2 scrolls of immolation {!r}
 o - 11 scrolls of remove curse
 p - 2 scrolls of enchant weapon
 t - a scroll of teleportation
Potions
 c - 5 potions of curing
 d - a potion of invisibility {unknown}
 g - a potion of resistance {unknown}
 h - 3 potions of lignification {!q}
 j - 3 potions of haste
 n - 2 potions of cancellation
 x - 2 potions of heal wounds {unknown}
 A - a potion of mutation {unknown}
 B - a potion of magic {unknown}
Comestibles
 f - 14 rations
 C - a chunk of flesh


   Skills:
 + Level 7.6 Fighting
 - Level 2.0 Dodging
 - Level 2.6 Stealth
 + Level 7.4 Spellcasting
 + Level 4.9 Conjurations
 - Level 2.0 Air Magic
 + Level 9.9 Poison Magic
 - Level 5.0 Invocations


You had 8 spell levels left.
You knew the following spells:

 Your Spells              Type           Power        Failure   Level  Hunger
a - Sting                 Conj/Pois      ####         1%          1    None
b - Poisonous Vapours     Pois/Air       ####..       1%          2    None
c - Mephitic Cloud        Conj/Pois/Air  ####....     1%          3    None
d - Olgreb's Toxic Radia  Pois           ######..     1%          4    ###....
e - Venom Bolt            Conj/Pois      #####.....   4%          5    #####..

Your spell library contained the following spells:

 Spells                   Type           Power        Failure   Level  Hunger
 Throw Frost              Conj/Ice       ###...       1%          2    None
 Freeze                   Ice            #...         3%          1    None
 Ozocubu's Armour         Chrm/Ice       #.......     10%         3    None
 Throw Icicle             Conj/Ice       ###.....     12%         4    ###....
 Summon Ice Beast         Ice/Summ       #.......     30%         4    ###....


Dungeon Overview and Level Annotations

Branches:
Dungeon (9/15)             Temple (1/1) D:5
   Lair: D:8-11         Orc: D:9-12

Altars:
Ashenzari
Cheibriados
Dithmenos
Elyvilon
Fedhas
Gozag
Hepliaklqana
Kikubaaqudgha
Makhleb
Nemelex Xobeh
Okawaru
Qazlal
Ru
Sif Muna
Trog
Uskayaw
Vehumet
Wu Jian
Xom
Yredelemnul
Zin
The Shining One

Shops:
D:4 (   D:6 =

Annotations:
D:6 exclusion: Prince Ribbit, Prince Ribbit


Innate Abilities, Weirdness & Mutations

You cannot wear most types of armour.
You are very stealthy in the water. (Stealth+)
You are amphibious.
You can wear up to eight rings at the same time.
You can use your tentacles to constrict eight enemies at once.
Your skin changes colour to match your surroundings (Stealth+).
Your rubbery body absorbs attacks. (AC +1, EV +1)


Message History

Confirm with . or Enter, or press ? or * to list all spells.
You begin to radiate toxic energy.
The scorpion is poisoned.
The ogre looks even sicker.
The ogre looks as sick as possible!
The ogre looks as sick as possible!
Your toxic aura wanes.
You kill the ogre!
The scorpion looks more healthy.
You hit the scorpion. You burn the scorpion.
You kill the scorpion!
You feel your dexterity returning.
You see here a scorpion corpse.
You butcher the jackal corpse.
C - a chunk of flesh You see here a jackal skeleton. x2
Your magical contamination has completely faded away.
You start resting.
Things that are here:
12 arrows; a +0 shortbow A slime creature comes into view.
The slime creature moves out of view.
You now have 356 gold pieces (gained 9).
Found a hazy altar of Hepliaklqana.
You pick up a book of Frost and begin reading...
You add the spells Freeze, Throw Frost, Ozocubu's Armour, Throw Icicle and
Okay, then.
Unknown command.
Okay, then.
Okay, then.
Unknown command.
Unknown command.
You now have 371 gold pieces (gained 15).
A leopard gecko comes into view. 2 death yaks come into view.
The leopard gecko hisses angrily.
The death yak bellows!
The death yak bellows!
You hear a bellow!
You see here 24 gold pieces.
You now have 395 gold pieces (gained 24).
The leopard gecko closely misses you.
Casting: Olgreb's Toxic Radiance (safe; 1% risk of failure)
Confirm with . or Enter, or press ? or * to list all spells.
You begin to radiate toxic energy.
The death yak is poisoned. x2
The leopard gecko is poisoned.
The leopard gecko closely misses you.
The death yak looks even sicker.
The leopard gecko looks even sicker.
You kill the leopard gecko!
A death yak comes into view.
The death yak bellows!
The death yak is poisoned.
The death yak looks even sicker. x2
You hear a bellow!
Your toxic aura wanes.
The death yak snorts and paws the ground. x2
The death yak looks more healthy.
Casting: Olgreb's Toxic Radiance (safe; 1% risk of failure)
Confirm with . or Enter, or press ? or * to list all spells.
Aiming: Mephitic Cloud (safe; 1% risk of failure)
Press: ? - help, Shift-Dir - straight line The ball explodes into a vile cloud!
The stinking cloud engulfs the death yak. x3
The death yak is engulfed in noxious fumes.
The death yak appears confused.
The death yak is engulfed in noxious fumes. x2
The death yak is engulfed in noxious fumes.
The death yak is engulfed in noxious fumes.
The death yak looks more healthy.
The death yak snorts and paws the ground. 2 slime creatures come into view.
The slime creature moves out of view. x2
The death yak seems less confused.
The death yak looks more healthy.
You see here an arrow.
You see here an arrow.
You see here an arrow.
The death yak gores you!!
There is a stone staircase leading up, spattered with blood here.
Casting: Mephitic Cloud (safe; 1% risk of failure)
Confirm with . or Enter, or press ? or * to list all spells.
Aiming: Venom Bolt (safe; 4% risk of failure)
Press: ? - help, Shift-Dir - straight line, f - death yak
Aim: a death yak (moderately wounded)
You miscast Venom Bolt.
You are very lightly contaminated with residual magic.
You are momentarily dazzled by a flash of light!
The death yak gores you!
The death yak bellows!
You hear a bellow! x2
The death yak snorts and paws the ground.
You see here a leather armour.
You see here an arrow.
Your magical contamination has completely faded away.
You see here 2 arrows.
The death yak snorts and paws the ground.
A death yak comes into view.
The death yak bellows!
You hear a bellow!
A death yak comes into view.
The death yak gores you!!
* * * LOW HITPOINT WARNING * * *
The death yak bellows!
Okay, then.
You beseech Elyvilon to protect your life.
The death yak gores you!!
You die...

#.# #..# #.# #..#####..
######.#######.........
........................
................########
##############.)# ###
)........######### ...
.......YY......... ..
.......@.Y...#### #
##.#######...###########
########.#######..............
#...............Y...............
#................###########(...
#..............>.# #.(..
#................###########.Y(.
#...........................((..
#.........######....Y...........


You could see 3 death yaks.

Vanquished Creatures
  Pikel (D:5)
  A wyvern (D:9)
  A human (D:8)
  4 hogs (D:8)
  Duvessa (D:6)
  A slave (D:4)
  2 necrophages
  A black bear (D:7)
  An ice beast (D:7)
  A phantom (D:8)
  2 sky beasts
  5 orc warriors
  9 ogres
  2 centaurs
  Blork the orc (D:6)
  4 bullfrogs
  Dowan (D:6)
  3 scorpions
  3 wights (D:5)
  2 bullfrog zombies
  2 crimson imps
  A quasit (D:8)
  3 centaur skeletons
  3 orc priests
  3 bullfrog skeletons
  3 jellies
  An orc wizard (D:7)
  3 hounds
  An iguana (D:7)
  4 worker ants
  A hound skeleton (D:3)
  4 gnolls (D:6)
  12 adders
  A shadow imp (D:7)
  An ooze (D:2)
  An adder skeleton (D:3)
  3 worms
  7 leopard geckos
  26 orcs
  9 giant cockroaches
  7 goblins
  4 hobgoblins
  11 jackals
  11 kobolds
  5 quokkas
  4 bats
  6 frilled lizards
  A jackal zombie (D:5)
  A leopard gecko zombie (D:5)
  A quokka zombie (D:6)
  9 rats
195 creatures vanquished.

Notes
Turn   | Place    | Note
-------+----------+-------------------------------------------
     0 | D:1      | RKaid the Octopode Venom Mage began the quest for the Orb.
     0 | D:1      | Reached XP level 1. HP: 11/11 MP: 3/3
   211 | D:1      | Reached XP level 2. HP: 12/18 MP: 0/5
   801 | D:1      | Reached skill level 1 in Fighting
   835 | D:1      | Reached skill level 4 in Poison Magic
   870 | D:1      | Reached XP level 3. HP: 23/23 MP: 2/6
  1174 | D:2      | Learned a level 2 spell: Poisonous Vapours
  1178 | D:2      | Learned a level 3 spell: Mephitic Cloud
  2088 | D:2      | Found a white marble altar of Elyvilon.
  2089 | D:2      | Found a shattered altar of Ashenzari.
  2090 | D:2      | Found a radiant altar of Vehumet.
  2090 | D:2      | Found a bloodstained altar of Trog.
  2223 | D:3      | Noticed an ogre
  2231 | D:3      | Killed an ogre
  2231 | D:3      | Reached skill level 2 in Fighting
  2231 | D:3      | Reached skill level 2 in Conjurations
  2231 | D:3      | Reached XP level 4. HP: 29/29 MP: 0/8
  2231 | D:3      | Reached XP level 5. HP: 34/34 MP: 0/9
  2398 | D:3      | Reached skill level 3 in Spellcasting
  3061 | D:3      | Reached skill level 1 in Air Magic
  3061 | D:3      | Reached skill level 5 in Poison Magic
  3061 | D:3      | Reached XP level 6. HP: 41/41 MP: 7/10
  3182 | D:3      | Learned a level 4 spell: Olgreb's Toxic Radiance
  4278 | D:4      | Reached skill level 3 in Fighting
  4413 | D:4      | Found Pofenewe's Antique Weapon Shoppe.
  4493 | D:4      | Found a burning altar of Makhleb.
  4497 | D:4      | Reached skill level 2 in Air Magic
  4566 | D:5      | Entered Level 5 of the Dungeon
  4595 | D:5      | Noticed a necrophage
  4694 | D:5      | Noticed a sky beast
  4708 | D:5      | Killed a sky beast
  4708 | D:5      | Reached XP level 7. HP: 46/46 MP: 6/12
  4782 | D:5      | Found a staircase to the Ecumenical Temple.
  4795 | Temple   | Entered the Ecumenical Temple
  5192 | Temple   | RKaid: ??ancestor
  5192 | Temple   | beem: ancestor[1/6]: A permanent companion granted by
                  | {Hepliaklqana}. Scales with the player's XL. Can be
                  | specialized into one of three types: Knight ([3]),
                  | Battlemage ([4]), or Hexer ([5]).
  5192 | Temple   | RKaid: ??ancestor[2
  5192 | Temple   | beem: ancestor[2/6]: HD = (player XL - 1)*2/3 + 1. HP = hd
                  | * 5 + max(0, (hd - 12) * 5). MR = hd*hd/2. Base AC = HD/2.
                  | Base damage = HD*3/2 + 3.
  5192 | Temple   | RKaid: ??ancestor[3
  5192 | Temple   | beem: ancestor[3/6]: Knight: melee companion. Starts with a
                  | flail, a shield, and bonus AC; 7 + HD/2. XL 15: Flail
                  | replaced with flaming broad axe. XL 19: Haste and shield
                  | becomes a large shield of reflect. XL 24: Weapon ego
                  | changes to speed.
  5192 | Temple   | RKaid: ??ancestor[4
  5192 | Temple   | beem: ancestor[4/6]: Battlemage: hybrid companion. Starts
                  | with throw frost, stone arrow, a quarterstaff, and bonus
                  | melee damage: 3 + HD. XL 15: Replace Throw Frost with Bolt
                  | of Magma. XL 19: Haste and a lajatang of freezing. XL 24:
                  | stone arrow -> crystal spear.
  5192 | Temple   | RKaid: ??ancestor[5
  5192 | Temple   | beem: ancestor[5/6]: Hexer: support companion. Starts with
                  | a dagger, Slow, and Confuse. XL 15: Slow -> Paralyse. XL
                  | 19: Replace Confuse with Mass Confusion and Haste. XL 24:
                  | dagger replaced by antimagic quickblade.
  5315 | D:2      | Became a worshipper of Elyvilon the Healer
  5391 | D:5      | Reached skill level 4 in Spellcasting
  5391 | D:5      | Reached skill level 6 in Poison Magic
  5471 | D:5      | Noticed Pikel
  6018 | D:5      | Killed Pikel
  6018 | D:5      | Reached skill level 5 in Fighting
  6018 | D:5      | Reached skill level 5 in Spellcasting
  6018 | D:5      | Reached skill level 7 in Poison Magic
  6018 | D:5      | Reached XP level 8. HP: 30/54 MP: 3/15
  6991 | D:6      | Noticed Duvessa
  6997 | D:6      | Noticed Dowan
  7003 | D:6      | Killed Duvessa
  7009 | D:6      | Killed Dowan
  7478 | D:6      | Reached * piety under Elyvilon
  7578 | D:6      | Found Fipuwev's Jewellery Emporium.
  7581 | D:6      | Bought an uncursed ring of poison resistance for 200 gold
                  | pieces
  7745 | D:6      | Reached skill level 8 in Poison Magic
  7887 | D:6      | Reached skill level 1 in Invocations
  7887 | D:6      | Reached XP level 9. HP: 31/61 MP: 13/17
  8116 | D:6      | Noticed Prince Ribbit
  8157 | D:6      | Found a glowing golden altar of the Shining One.
  8798 | D:5      | Reached skill level 6 in Fighting
  8798 | D:5      | Reached skill level 6 in Spellcasting
  9171 | D:6      | Reached skill level 2 in Invocations
  9530 | D:6      | Noticed Blork the orc
  9558 | D:6      | Killed Blork the orc
  9727 | D:6      | Learned a level 5 spell: Venom Bolt
  9829 | D:7      | Reached skill level 3 in Invocations
  9991 | D:7      | Reached skill level 3 in Conjurations
 10235 | D:7      | Reached skill level 9 in Poison Magic
 10427 | D:7      | Reached ** piety under Elyvilon
 10465 | D:7      | HP: 10/62 [ice beast (13)]
 10810 | D:7      | HP: 14/62 [ice beast (9)]
 11285 | D:7      | Found a basalt altar of Yredelemnul.
 11543 | D:7      | Reached skill level 4 in Invocations
 12459 | D:8      | Upgraded the game from 0.23-a0-584-g44dd78f40d to
                  | 0.23-a0-607-g760965b753
 12884 | D:8      | Found a sparkling altar of Nemelex Xobeh.
 13211 | D:8      | HP: 14/62 [phantom (9)]
 13220 | D:8      | HP: 10/62 [phantom (4)]
 13243 | D:8      | HP: 10/62 [phantom (8)]
 13264 | D:8      | HP: 12/62 [phantom (8)]
 13269 | D:8      | HP: 10/62 [phantom (6)]
 13271 | D:8      | Reached XP level 10. HP: 18/68 MP: 17/20
 13559 | D:8      | Reached skill level 7 in Fighting
 13664 | D:8      | Upgraded the game from 0.23-a0-607-g760965b753 to
                  | 0.23-a0-619-g281719c6f9
 13717 | D:8      | Reached skill level 4 in Conjurations
 13805 | D:8      | Reached skill level 7 in Spellcasting
 14108 | D:8      | HP: 15/70 [orc warrior/+1 scimitar of protection (25)]
 14482 | D:8      | Found an ornate altar of the Wu Jian Council.
 14541 | D:8      | Reached skill level 5 in Invocations
 14684 | D:8      | Found a snail-covered altar of Cheibriados.
 14780 | D:9      | Reached *** piety under Elyvilon
 15576 | D:9      | Found a hazy altar of Hepliaklqana.
 15619 | D:9      | Noticed a death yak
 15619 | D:9      | Noticed a death yak
 15633 | D:9      | Noticed a death yak
 15697 | D:9      | Noticed a death yak
 15700 | D:9      | Noticed a death yak
 15700 | D:9      | HP: 11/66 [death yak (24)]
 15705 | D:9      | Demolished by a death yak

Vault maps used:
D:1:      grunt_arrival_crossed_arrows, minmay_worlds_worst_comb
D:2:      chequers_temple_overflow_statue_of_worship, st_stairs_3
D:3:      kennysheep_six_static_rooms, first_ration, minmay_between
D:4:      makhleb_blood_cavern_becter, serial_shops, kennysheep_little_box
D:5:      minmay_temple_entry_fiery, item_on_display_a, uniq_pikel
D:6:      minmay_chambers_of_threes, tso_altar, serial_shops,
          nicolae_shop_behind_doors, uniq_blork_the_orc, uniq_prince_ribbit1,
          uniq_duvessa
D:7:      marbit_many_paths
D:8:      lemuel_doored_altar, nemelex_xobeh_ov_fountains_minmay,
          grunt_livestock, cheibrodos_worm_habitat
D:9:      lemuel_crystal_altar, dpeg_lair_monsters
Temple:   hc_temple_tempest_star

Skill      XL: |  1  2  3  4  5  6  7  8  9 10 |
---------------+-------------------------------+-----
Fighting       | 1 2 3 5 6 7 |  7.6
Poison Magic   | 4 5 7 8 9 |  9.9
Conjurations   | 2 3 4 |  4.9
Spellcasting   | 3 5 6 7 |  7.4
Air Magic      | 1 2 |  2.0
Invocations    | 1 4 5 |  5.0
Dodging        | |  2.0
Stealth        | |  2.6

Action                   |  1- 3 |  4- 6 |  7- 9 | 10-12 || total
-------------------------+-------+-------+-------+-------++-------
Melee: Unarmed           |     8 |       |       |       ||     8
       Constrict         |     9 |    12 |    40 |     5 ||    66
       Dagger            |    30 |    57 |    80 |       ||   167
       Tentacles         |     4 |    10 |    45 |     3 ||    62
       Short sword       |       |       |   156 |       ||   156
       Whip              |       |       |    73 |    25 ||    98
 Fire: Hunting sling     |     8 |       |    21 |       ||    29
 Cast: Sting             |    70 |    52 |    78 |    64 ||   264
       Mephitic Cloud    |     1 |     1 |    12 |     7 ||    21
       Poisonous Vapours |     1 |       |     7 |    15 ||    23
       Olgreb's Toxic Ra |       |     1 |     1 |     6 ||     8
Invok: Lesser Healing    |       |       |     5 |       ||     5
       Divine Protection |       |       |       |     1 ||     1
  Use: Scroll            |       |       |    12 |     2 ||    14
 Stab: Sleeping          |     1 |     1 |    13 |     1 ||    16
       Confused          |       |       |     6 |       ||     6
       Distracted        |       |       |     3 |       ||     3
  Eat: Chunk             |     5 |     7 |    10 |     3 ||    25
       Ration            |       |       |     5 |     2 ||     7
Armor: Skin              |     2 |     7 |    13 |       ||    22
Dodge: Dodged            |    33 |    38 |   183 |    20 ||   274

Table legend:
 A = Non-vault XP
 B = Vault XP
 C = Vault XP percentage of total XP
 D = Non-vault monster count
 E = Vault monster count
 F = Vault count percentage of total count
                 A         B        C        D         E       F
            +---------+---------+-------+---------+---------+-------
      Total |    4684 |    2389 |  33.8 |     159 |      35 |  18.0
            +---------+---------+-------+---------+---------+-------
        D:1 |      26 |       8 |  23.5 |      19 |       4 |  17.4
        D:2 |      35 |       5 |  12.5 |      15 |       1 |   6.2
        D:3 |     195 |      73 |  27.2 |      10 |      10 |  50.0
        D:4 |     189 |      43 |  18.5 |      14 |       1 |   6.7
        D:5 |     659 |     673 |  50.5 |      18 |       1 |   5.3
        D:6 |     741 |     628 |  45.9 |      19 |      11 |  36.7
        D:7 |     997 |     127 |  11.3 |      26 |       1 |   3.7
        D:8 |     990 |     832 |  45.7 |      26 |       6 |  18.8
        D:9 |     852 |       0 |   0.0 |      12 |       0 |   0.0
            +---------+---------+-------+---------+---------+-------

Table legend:
 A = Turns spent in this place as a percentage of turns spent in the entire game.
 B = Non-inter-level travel turns spent in this place as a percentage of non-inter-level travel turns spent in the entire game.
 C = Inter-level travel turns spent in this place as a percentage of turns spent in this place.
 D = Turns resting spent in this place as a percentage of non-inter-level travel turns spent in this place.
 E = Turns spent auto-exploring this place as a percentage of non-inter-level travel turns spent in this place.
 F = Non-inter-level travel turns spent in this place divided by the number of levels of this place that you've seen.
                   A       B       C       D       E      F
               +-------+-------+-------+-------+-------+----------------------
         Total | 100.0 | 100.0 |   5.0 |  46.4 |  32.5 | 1492.5
       Dungeon |  97.3 |  97.3 |   5.0 |  47.7 |  30.7 | 1614.1
        Temple |   2.7 |   2.7 |   4.8 |   0.0 |  98.0 | 398.0
               +-------+-------+-------+-------+-------+----------------------

Table legend:
 A = Kills in this place as a percentage of kills in entire the game.
 B = Kills by you in this place as a percentage of kills by you in the entire game.
 C = Kills by friends in this place as a percentage of kills by friends in the entire game.
 D = Other kills in this place as a percentage of other kills in the entire game.
 E = Experience gained in this place as a percentage of experience gained in the entire game.
 F = Experience gained in this place divided by the number of levels of this place that you have seen.
                   A       B       C       D       E      F
               +-------+-------+-------+-------+-------+----------------------
         Total | 100.0 | 100.0 |   N/A | 100.0 | 100.0 | 707.3
       Dungeon | 100.0 | 100.0 |   N/A | 100.0 | 100.0 | 785.9
               +-------+-------+-------+-------+-------+----------------------
